 Dungeon Crawl Stone Soup version 0.32-a0-931-g5a2cda0630 (webtiles) character file.

Game seed: 16721296528242149068

2558 flt the Fighter (level 9, -2/96 HPs)
             Began as an Oni Wanderer on Apr 13, 2024.
             Was a Follower of Beogh.
             Slain by a wyvern (12 damage)
             ... on level 8 of the Dungeon.
             The game lasted 00:13:29 (7026 turns).

flt the Fighter (Oni Wanderer)                      Turns: 7026, Time: 00:13:29

Health: -2/96      AC:  8    Str: 21    XL:     9   Next: 56%
Magic:  18/19      EV: 15    Int: 15    God:    Beogh [*.....]
Gold:   254        SH:  0    Dex:  9    Spells: 19/20 levels left

rFire   + . .        g - +1 eveningstar (freeze)
rCold   . . .        (no shield)
rNeg    . . .        r - +1 robe {rF+}
rPois   .            (helmet restricted)
rElec   .            (no cloak)
rCorr   .            (gloves unavailable)
SInv    .            (boots unavailable)
Will    .....        (no amulet)
Stlth   +            k - +5 ring of evasion
HPRegen 0.36/turn    z - +4 ring of protection
MPRegen 0.16/turn

%: no passive effects
@: no status effects
A: large, unfitting armour, horns 1, tough skin 1, double potion healing,
drunken brawling, clever 1, high MP 1
a: Renounce Religion


You were on level 8 of the Dungeon.
You worshipped Beogh.
Beogh was aware of your devotion.
You visited 1 branch of the dungeon, and saw 8 of its levels.

You collected 254 gold pieces.

Inventory:

Hand Weapons
 a - a +1 mace
 d - a +0 whip of flaming
 g - a +1 eveningstar of freezing (weapon)
 l - a +0 war axe
 x - a +0 giant spiked club
Missiles
 f - 19 poisoned darts (quivered)
 o - 4 large rocks
 q - 4 curare-tipped darts
Armour
 r - a +1 robe of fire resistance (worn)
Jewellery
 k - a +5 ring of evasion (left hand)
 n - a ring of see invisible
 s - a ring of protection from cold
 y - a +5 ring of evasion
 z - a +4 ring of protection (right hand)
Wands
 i - a wand of warping (10)
 m - a wand of flame (11)
 B - a wand of polymorph (10)
Scrolls
 b - 3 scrolls of silence
 e - 6 scrolls of teleportation
 t - a scroll of immolation
Potions
 c - 2 potions of berserk rage
 h - a potion of curing
 j - a potion of enlightenment
 p - a potion of haste
 u - a potion of invisibility
 v - a potion of resistance
 w - a potion of magic
 A - a potion of mutation


   Skills:
 + Level 8.2 Fighting
 * Level 8.1 Maces & Flails
 + Level 4.5 Throwing
 + Level 5.2 Dodging
 - Level 6.0 Spellcasting
 + Level 2.2 Invocations


You had 19 spell levels left.
You knew the following spells:

 Your Spells              Type           Power      Damage    Failure   Level
a - Summon Small Mammal   Summ           16%        N/A       14%         1

Your spell library contained the following spells:

 Spells                   Type           Power      Damage    Failure   Level
 Momentum Strike          Conj/Tloc      8%         3d8       22%         2
 Maxwell's Portable Pile  Tloc           4%         2d(5-14)  41%         3
 Mephitic Cloud           Conj/Alch/Air  4%         N/A       41%         3


Dungeon Overview and Level Annotations

Branches:
Dungeon (8/15)             Temple (0/1) D:5
   Lair: D:8-11

Altars:
Ru
Trog
Vehumet

Shops:
D:2 :   D:5 =


Innate Abilities, Weirdness & Mutations

You are too large for most types of armour.
You have a pair of small horns on your head.
You have tough skin. (AC +1)
You gain doubled healing and magic from potions.
Whenever you drink a healing potion, you attack all around you.
Your mind is acute. (Int +4, Str/Dex -1)
You have an increased reservoir of magic. (+10% MP)


Message History

You resist with some effort. The wyvern bites you. The wyvern bites you!
The basilisk bites you!
* * * LOW HITPOINT WARNING * * *
The wyvern bites you but does no damage.
You turn to flesh and can move again.
You take a swig of the potion and twirl your +1 eveningstar of freezing.
You closely miss the wyvern.
The wyvern is heavily wounded.
You barely miss the basilisk.
The basilisk is almost dead.
You savour every drop.
You feel better.
The basilisk is no longer moving slowly.
The wyvern bites you! The basilisk misses you.
You closely miss the basilisk. You headbutt the basilisk.
You kill the basilisk!
Beogh accepts your kill. The wyvern bites you!
* * * LOW HITPOINT WARNING * * *
The wyvern bites you.
* * * LOW HITPOINT WARNING * * *
You barely miss the wyvern.
The wyvern is heavily wounded.
The wyvern barely misses you. The wyvern bites you!
* * * LOW HITPOINT WARNING * * *
It was a potion of mutation.
You feel extremely strange.
You feel more energetic.
You feel clever. The wyvern bites you.
* * * LOW HITPOINT WARNING * * *
You take a swig of the potion and twirl your +1 eveningstar of freezing.
You closely miss the wyvern.
The wyvern is heavily wounded.
You savour every drop.
You feel better.
The wyvern bites you but does no damage.
The wyvern bites you!
* * * LOW HITPOINT WARNING * * *
You closely miss the wyvern.
The wyvern is heavily wounded.
The wyvern bites you!
You die...

k...# Y....# ....##
..... ....# #....
#..## #..P.. #...#
#..... #...###
#...###k....# .##
###.....@....##
....
##.........#.##
....##........#####
........#....#..#
...............##
...............#
..##....###...##
.........###.##
...#....## #..#


You could see a wyvern.

Vanquished Creatures
  A hornet (D:7)
  A basilisk (D:8)
  2 steam dragons
  An orc warrior (D:7)
  A black bear (D:5)
  An ogre (D:6)
  2 kobold brigands
  3 bullfrogs
  7 scorpions
  5 killer bees (D:7)
  A howler monkey (D:6)
  3 hounds
  A jelly (D:6)
  2 bombardier beetles
  2 orc priests (D:7)
  A sleepcap (D:8)
  4 orc wizards
  Terence (D:3)
  15 gnolls
  5 adders
  A shadow imp (D:6)
  A white imp (D:8)
  4 ufetubi
  2 dart slugs
  12 orcs
  7 ball pythons
  9 endoplasms
  4 goblins
  4 hobgoblins
  2 jackals (D:5)
  4 quokkas
  6 bats
  3 frilled lizards
  16 kobolds
  5 rats
139 creatures vanquished.

Notes
Turn   | Place    | Note
-------+----------+-------------------------------------------
     0 | D:1      | flt the Oni Wanderer began the quest for the Orb.
     0 | D:1      | flt set off with the following items: a +1 mace, a scroll
                  | of silence, a +0 robe; and the following spell memorised:
                  | Summon Small Mammal; and the following spells available to
                  | memorise: Momentum Strike, Maxwell's Portable Piledriver,
                  | Mephitic Cloud.
     0 | D:1      | Reached XP level 1. HP: 22/22 MP: 7/7
    69 | D:1      | Reached XP level 2. HP: 13/31 MP: 9/9
   315 | D:1      | Reached skill level 1 in Dodging
   634 | D:1      | Reached XP level 3. HP: 30/37 MP: 10/10
   749 | D:1      | Found a faded altar of an unknown god.
   918 | D:2      | Found Hunos's Book Emporium.
  1029 | D:2      | Found a bloodstained altar of Trog.
  1482 | D:3      | Noticed Terence
  1501 | D:3      | Killed Terence
  1502 | D:3      | Reached XP level 4. HP: 15/48 MP: 12/12
  1764 | D:3      | Noticed a scorpion
  1787 | D:3      | Killed a scorpion
  1788 | D:3      | Reached XP level 5. HP: 33/55 MP: 13/13
  2518 | D:3      | Identified a scroll of acquirement
  2518 | D:3      | Acquired a +1 eveningstar of freezing
  2552 | D:4      | Reached skill level 5 in Fighting
  2552 | D:4      | Reached XP level 6. HP: 56/66 MP: 15/15
  3510 | D:5      | Entered Level 5 of the Dungeon
  3608 | D:5      | Noticed a black bear
  3613 | D:5      | Killed a black bear
  3614 | D:5      | Reached skill level 1 in Throwing
  3614 | D:5      | Reached XP level 7. HP: 71/72 MP: 16/16
  3766 | D:5      | Found a radiant altar of Vehumet.
  3805 | D:5      | Reached skill level 5 in Maces & Flails
  4023 | D:5      | Found a sacrificial altar of Ru.
  4280 | D:5      | Found a staircase to the Ecumenical Temple.
  4300 | D:5      | Found Gocyez's Jewellery Shop.
  4539 | D:6      | Reached XP level 8. HP: 84/84 MP: 17/17
  5697 | D:7      | Became a worshipper of Beogh the Shepherd
  6008 | D:7      | Reached XP level 9. HP: 89/93 MP: 18/18
  6574 | D:7      | Noticed a hornet
  6585 | D:7      | Paralysed by a hornet for 1 turns
  6586 | D:7      | Killed a hornet
  6587 | D:7      | Reached skill level 5 in Dodging
  6587 | D:7      | Reached skill level 1 in Invocations
  6954 | D:8      | Reached * piety under Beogh
  7024 | D:8      | Gained mutation: You have an increased reservoir of magic.
                  | (+10% MP) [potion of mutation]
  7024 | D:8      | Gained mutation: Your mind is acute. (Int +4, Str/Dex -1)
                  | [potion of mutation]
  7026 | D:8      | Slain by a wyvern

Illustrated notes

Levels and vault maps discovered:
D:1:      dpeg_arrival_water_temple_mockup, layout_basic, basic_ecumenical_altar
D:2:      layout_basic, serial_shops, nicolae_shop_tiny_statue_garden,
          basic_altar, st_stairs_8, minivault_11
D:3:      wad_crossroads, layout_basic, solitary_fountain, uniq_terence
D:4:      layout_basic, nicolae_zen_rock_garden
D:5:      layout_loops_cross, mainiacjoe_overflow_six_doors_small,
          fiery_altar_vehumet, minmay_temple_entry_gardened_gates, serial_shops,
          shop
D:6:      layout_basic
D:7:      layout_rooms
D:8:      layout_cave_pools, nicolae_overflow_crystal_walls, david_lair_generic,
          onia_ninara_dug_in_and_dangerous

Skill      XL: |  1  2  3  4  5  6  7  8  9 |
---------------+----------------------------+-----
Fighting       | 3 4 5 6 7 8 |  8.2
Dodging        | 1 2 3 4 5 |  5.2
Maces & Flails | 3 4 5 7 8 |  8.1
Throwing       | 1 2 3 4 |  4.5
Invocations    | 2 |  2.2
Spellcasting   | |  6.0

Action                     |  1- 3 |  4- 6 |  7- 9 || total
---------------------------+-------+-------+-------++-------
  Melee: Mace              |   103 |    42 |       ||   145
         Headbutt          |    16 |     9 |    28 ||    53
         Eveningstar       |       |    52 |   222 ||   274
  Throw: Dart              |       |     3 |     4 ||     7
 Invoke: Convert to Beogh  |       |       |     1 ||     1
    Use: Scroll            |     4 |     3 |    13 ||    20
         Potion            |       |       |     5 ||     5
   Stab: Sleeping          |       |     1 |       ||     1
 Armour: Robe              |   105 |    64 |   191 ||   360
  Dodge: Dodged            |    67 |    67 |   234 ||   368

Table legend: (Time is in decaauts)
 A = Elapsed time spent in this place.
 B = Non-inter-level travel time spent in this place.
 C = Inter-level travel time spent in this place.
 D = Time resting spent in this place.
 E = Time spent auto-exploring this place.
 F = Levels seen in this place.
 G = Mean time per level.
                   A        B        C        D        E       F      G
               +--------+--------+--------+--------+--------+-----+--------+
         Total |   7121 |   6833 |    288 |   1396 |   4147 |   8 |  890.1 |
       Dungeon |   7121 |   6833 |    288 |   1396 |   4147 |   8 |  890.1 |
               +--------+--------+--------+--------+--------+-----+--------+

Top non-repeatable levels by time:
     D:7: 1311 daAuts
     D:6: 1071 daAuts
     D:3: 1020 daAuts
     D:4: 990 daAuts
     D:5: 966 daAuts
     D:1: 937 daAuts
     D:2: 613 daAuts
     D:8: 210 daAuts
